 Dungeon Crawl Stone Soup version 0.29.0-4-gdea44cf6ec (webtiles) character file.

Game seed: 15792149570906322532

61 qw the Chopper (level 3, -2/31 HPs)
             Began as a Minotaur Fighter on Sept 6, 2022.
             Slain by Sigmund
             ... wielding a +0 scythe
              (8 damage)
             ... on level 2 of the Dungeon.
             The game lasted 00:00:34 (1731 turns).

qw the Chopper (Minotaur Fighter)                   Turns: 1731, Time: 00:00:35

Health: -2/31      AC:  6    Str: 22    XL:     3   Next: 83%
Magic:  2/2        EV:  9    Int:  5    God:
Gold:   140        SH:  4    Dex:  9    Spells: 2/2 levels left

rFire   . . .      SeeInvis .   Y - +1 war axe
rCold   . . .      Faith    .   c - +0 buckler
rNeg    . . .      Spirit   .   b - +0 scale mail
rPois   .          Reflect  .   (helmet restricted)
rElec   .          Harm     .   (no cloak)
rCorr   .          Rampage  .   (no gloves)
Will    .....                   (no boots)
Stlth   ..........              (no amulet)
HPRegen 0.10/turn               (no ring)
MPRegen 0.08/turn               (no ring)

@: no status effects
A: horns 2, retaliatory headbutt
a: no special abilities


You were on level 2 of the Dungeon.
You visited 1 branch of the dungeon, and saw 2 of its levels.

You collected 140 gold pieces.


Innate Abilities, Weirdness & Mutations

You have a pair of horns on your head.
You reflexively headbutt those who attack you in melee.


   Skills:
 - Level 3.6 Fighting
 - Level 5.1 Axes
 - Level 3.6 Armour
 + Level 0.0 Dodging
 - Level 3.6 Shields


You had 2 spell levels left.
You didn't know any spells.
Your spell library was empty.

Inventory:

Hand Weapons
 f - a +0 club
 Y - a +1 war axe (weapon)
Armour
 b - a +0 scale mail (worn)
 c - a +0 buckler (worn)
Scrolls
 a - a scroll of identify
 g - a scroll of teleportation {unknown}
Potions
 d - 2 potions of might
 e - a potion of invisibility {unknown}
 k - a potion of lignification {unknown}
 l - a potion of magic {unknown}
 m - a potion of haste {unknown}

Dungeon Overview and Level Annotations

Branches:
Dungeon (2/15)

Altars:
Xom

Annotations:
D:2 Sigmund


Message History

Enter note:
Enter note:
Enter note: Sigmund points at you and mumbles some strange words.
The magic dart hits you! Sigmund closely misses you.
You block Sigmund's attack.
You closely miss Sigmund.
Sigmund mumbles some strange words.
Sigmund flickers and vanishes!
Deactivating autopickup; reactivate with Ctrl-A.
You miss something. Your headbutt misses something. Something hits you.
You hit something.
You hear some strange, mumbled words.
You are confused.
You're too confused to attack without stumbling around!
There is a strange disturbance nearby!
Something hits you.
You're too confused to attack without stumbling around!
There is a strange disturbance nearby!
You're too confused to attack without stumbling around!
There is a strange disturbance nearby!
Something hits you.
You're too confused to attack without stumbling around!
There is a strange disturbance nearby!
Something hits you.
You're too confused to attack without stumbling around!
There is a strange disturbance nearby!
You're too confused to attack without stumbling around!
There is a strange disturbance nearby!
Something hits you.
You're too confused to attack without stumbling around!
There is a strange disturbance nearby!
You feel less confused. Something hits you.
You hit something. You miss something. Something hits you!
You die...

..?...# #.# #.#
......# #.# #####.#
.#....# #.# #.##..#
.#.#'######.# ..#...#
............# #.##.##
...#......### #.##.#
+#+#......###.###.##.#
..........#........#.#
..........#.#..{@....#
..........#.#.#.######
..........#.# #.
..........#.# #.
..........#.# ..
....##....#.# ##
............#
....##.#.####
.......#.#


There were no monsters in sight!

Vanquished Creatures
  2 adders (D:2)
  3 dart slugs (D:1)
  7 endoplasms
  A giant cockroach (D:1)
  4 goblins (D:1)
  3 hobgoblins (D:1)
  3 kobolds (D:1)
  2 quokkas (D:1)
  2 ball pythons
  4 bats
  2 frilled lizards (D:2)
  A rat (D:1)
34 creatures vanquished.

Notes
Turn   | Place    | Note
-------+----------+-------------------------------------------
     0 | D:1      | qw the Minotaur Fighter began the quest for the Orb.
     0 | D:1      | Reached XP level 1. HP: 19/19 MP: 0/0
     0 | D:1      | 0 ||| qw: Version: 0.1-a-107-g9ff403c
     0 | D:1      | 0 ||| qw: Game counter: 6040
     0 | D:1      | 0 ||| qw: Always use a shield: true
     0 | D:1      | 0 ||| qw: God list: Ru
     0 | D:1      | 0 ||| qw: Allow faded altars: false
     0 | D:1      | 0 ||| qw: Do Orc after D:15 true
     0 | D:1      | 0 ||| qw: Do second Lair branch before Depths: true
     0 | D:1      | 0 ||| qw: Lair rune preference: random
     0 | D:1      | 0 ||| qw: Plans: Normal
     0 | D:1      | 0 ||| PLANNING D:1-11
    11 | D:1      | 11 ||| Stepping ~*~*~tactically~*~*~ (hiding).
    21 | D:1      | Reached skill level 3 in Axes
    24 | D:1      | Reached XP level 2. HP: 10/26 MP: 1/1
   451 | D:1      | Reached skill level 4 in Axes
   554 | D:1      | 554 ||| Stepping ~*~*~tactically~*~*~ (hiding).
   695 | D:1      | Reached XP level 3. HP: 31/31 MP: 2/2
   943 | D:1      | 943 ||| READING 2 scrolls labelled ILUYNNEYJY.
   944 | D:1      | 944 ||| READING scroll labelled FACUMO CEDAYSS.
   945 | D:1      | 945 ||| READING scroll labelled YDDI HAMIR RUZ.
   946 | D:1      | 946 ||| READING scroll labelled XOTUOH OP OMNAENUJ.
   947 | D:1      | 947 ||| READING scroll labelled GUADAMULOPS.
   948 | D:1      | 948 ||| DROPPING scroll of poison.
   949 | D:1      | 949 ||| Stepping randomly (stuck).
   950 | D:1      | 950 ||| Stepping ~*~*~tactically~*~*~ (cloud).
   960 | D:1      | HP: 7/31 [poisoned by you (poison gas)]
  1290 | D:2      | Found a shimmering altar of Xom.
  1460 | D:2      | Reached skill level 5 in Axes
  1715 | D:2      | Noticed Sigmund
  1728 | D:2      | HP: 7/31 [something (5)]
  1731 | D:2      | Slain by Sigmund

Levels and vault maps discovered:
D:1:      dpeg_arrival_tiny_a, layout_loops_ring
D:2:      layout_basic, basic_altar, uniq_sigmund

Skill      XL: |  1  2  3 |
---------------+----------+-----
Axes           | 3 4 5 |  5.1
Fighting       | |  3.6
Armour         | |  3.6
Shields        | |  3.6

Action                   || total
-------------------------++-------
Melee: War axe           ||    70
       Headbutt          ||    10
  Use: Scroll            ||     5
Armor: Scale mail        ||    18
Dodge: Dodged            ||    25
Block: Buckler           ||    10

Table legend:
 A = Non-vault XP
 B = Vault XP
 C = Vault XP percentage of total XP
 D = Non-vault monster count
 E = Vault monster count
 F = Vault count percentage of total count
                 A         B        C        D         E       F
            +---------+---------+-------+---------+---------+-------
      Total |      88 |       0 |   0.0 |      34 |       0 |   0.0
            +---------+---------+-------+---------+---------+-------
        D:1 |      48 |       0 |   0.0 |      24 |       0 |   0.0
        D:2 |      40 |       0 |   0.0 |      10 |       0 |   0.0
            +---------+---------+-------+---------+---------+-------
